 Dungeon Crawl Stone Soup version 0.20-a0-927-g1ae2c61 (console) character file.

1594 nht the Quickloader (level 8, -1/66 HPs)
             Began as a Deep Dwarf Hunter on Mar 29, 2017.
             Was an Initiate of Trog.
             Shot with an arrow by a centaur (2 damage)
             ... on level 6 of the Dungeon.
             The game lasted 00:10:10 (3691 turns).

nht the Quickloader (Deep Dwarf Hunter)             Turns: 3691, Time: 00:10:10

Health: -1/66      AC: 11    Str: 18    XL:     8   Next: 62%
Magic:  8/8        EV:  7    Int: 12    God:    Trog [......]
Gold:   236        SH:  0    Dex: 13    Spells: 7/7 levels left

rFire    + . .     SeeInvis .   a - +2 hand crossbow
rCold    . . .     Gourm    .   (no shield)
rNeg     + . .     Faith    .   y - +0 chain mail
rPois    .         Spirit   .   (no helmet)
rElec    .         Reflect  .   m - +0 cloak (curse)
rCorr    .         Harm     .   l - +1 pair of gloves
MR       +....                  (no boots)
Stlth    ..........             (no amulet)
Regen    0.0/turn               u - ring of protection from fire
MPRegen  0.2/turn               w - ring of positive energy

@: non-regenerating
A: damage resistance, heal wounds, sense surroundings 1, no regeneration
a: Heal Wounds, Burn Spellbooks, Renounce Religion


You were on level 6 of the Dungeon.
You worshipped Trog.
Trog was noncommittal.
You were not hungry.

You visited 2 branches of the dungeon, and saw 7 of its levels.

You collected 236 gold pieces.

Inventory:

Hand Weapons
 a - a +2 hand crossbow (weapon)
 b - a +0 short sword
 v - a +0 war axe
Missiles
 d - 128 bolts (quivered)
Armour
 l - a +1 pair of gloves (worn)
 m - a cursed +0 cloak (worn)
 y - a +0 chain mail (worn)
Magical Staves
 x - an uncursed staff of wizardry {unknown}
Jewellery
 h - an uncursed ring of wizardry
 u - a ring of protection from fire (left hand)
 w - a ring of positive energy (right hand)
Wands
 k - a wand of paralysis (13/24)
 s - a wand of flame (17/48)
Scrolls
 i - 2 scrolls of enchant armour
 n - 3 scrolls of teleportation
 r - 2 scrolls of enchant weapon
 t - a scroll of remove curse
Potions
 c - 2 potions of haste
 e - 2 potions of curing
 g - 2 potions of mutation
 j - a potion of brilliance
 o - a potion of might
Comestibles
 f - 4 bread rations
 p - 2 royal jellies
 q - 7 fruits
 z - a chunk of flesh


   Skills:
 - Level 1.7 Fighting
 + Level 7.6 Axes
 - Level 10.1 Crossbows
 - Level 2.1 Dodging
 - Level 1.2 Stealth


You had 7 spell levels left.
You didn't know any spells.

Dungeon Overview and Level Annotations

Branches:
Dungeon (6/15)             Temple (1/1) D:6

Altars:
Elyvilon
Fedhas
Gozag
Hepliaklqana
Kikubaaqudgha
Makhleb
Okawaru
Ru
Sif Muna
Trog
Uskayaw
Vehumet
Wu Jian
Yredelemnul
Zin
The Shining One

Shops:
D:4 [


Innate Abilities, Weirdness & Mutations

You are resistant to damage.
You can heal yourself by infusing magical energy.
You passively map a small area around you.
You do not regenerate.


Message History

You are too injured to fight recklessly!
Firing (i - inventory):
d - 131 bolts (quivered)
Press: ? - help, Shift-Dir - straight line, f - centaur
Aim: a centaur, wielding a shortbow You shoot a bolt.
The bolt closely misses the centaur.
The centaur shoots an arrow.
The arrow hits you.
Firing (i - inventory):
d - 130 bolts (quivered)
Press: ? - help, Shift-Dir - straight line, f/p - centaur
Aim: a centaur, wielding a shortbow You shoot a bolt.
The bolt hits the centaur!
The centaur is heavily wounded.
The centaur shoots an arrow.
The arrow hits you!
* * * LOW HITPOINT WARNING * * *
Firing (i - inventory):
d - 129 bolts (quivered)
Press: ? - help, Shift-Dir - straight line, f/p - centaur
Aim: a centaur, wielding a shortbow (heavily wounded)
You shoot a bolt. The bolt hits the centaur.
The centaur is severely wounded.
The centaur shoots an arrow.
The arrow hits you.
You die...

* , ██. █.c █. , █..* █. , ██.█
█. █.██ █..█ █. █...██████ █..█
█████. █.......███..█ █████.....
██........██..███████.........
██.........█..@................
█.........██...................
██.........█....................
█...........███████████████.....
█.......)..██ █████.
*██..........█ █.
...█<.......███████ █.
,(██.......█.(█....█ █.
█.......██(......█ █.


You could see a centaur.

Vanquished Creatures
  Menkaure (D:5)
  2 ice beasts
  3 ogres
  The ghost of herpmino the Shield-Bearer, an amateur FoFi (D:3)
  2 centaurs
  A bullfrog (D:6)
  A gnoll sergeant (D:5)
  A scorpion (D:4)
  A howler monkey (D:4)
  A crimson imp (D:5)
  Crazy Yiuf (D:3)
  3 hounds
  A jelly (D:5)
  An orc priest (D:5)
  Jessica (D:3)
  2 iguanas
  Ijyb (D:3)
  3 worker ants
  A hound skeleton (D:5)
  5 gnolls (D:5)
  6 adders
  2 oozes
  An adder skeleton (D:6)
  4 worms
  3 dart slugs (D:2)
  2 leopard geckos
  6 orcs
  3 ball pythons
  5 giant cockroaches
  2 goblins
  2 hobgoblins (D:1)
  6 jackals
  7 kobolds
  5 quokkas
  A ball python skeleton (D:4)
  3 bats
  6 frilled lizards (D:2)
  11 rats
108 creatures vanquished.

Notes
Turn   | Place    | Note
-------+----------+-------------------------------------------
     0 | D:1      | nht the Deep Dwarf Hunter began the quest for the Orb.
     0 | D:1      | Reached XP level 1. HP: 19/19 MP: 1/1
   282 | D:1      | Reached XP level 2. HP: 26/26 MP: 2/2
   290 | D:1      | Reached skill level 5 in Crossbows
  1005 | D:2      | Found an ornate altar of the Wu Jian Council.
  1020 | D:2      | Reached XP level 3. HP: 32/32 MP: 3/3
  1038 | D:2      | Found an opulent altar of Gozag.
  1191 | D:2      | Reached skill level 6 in Crossbows
  1218 | D:2      | Found a faded altar of an unknown god.
  1376 | D:2      | Reached XP level 4. HP: 32/39 MP: 4/4
  1835 | D:3      | Noticed Jessica
  1836 | D:3      | Killed Jessica
  1927 | D:3      | Found a runed door.
  1992 | D:3      | Noticed Ijyb
  2000 | D:3      | Killed Ijyb
  2000 | D:3      | Reached skill level 7 in Crossbows
  2000 | D:3      | Reached XP level 5. HP: 14/45 MP: 5/5
  2030 | D:3      | Noticed herpmino's ghost (amateur FoFi)
  2036 | D:3      | Killed herpmino's ghost
  2152 | D:3      | Noticed Crazy Yiuf
  2159 | D:3      | Killed Crazy Yiuf
  2159 | D:3      | Reached skill level 8 in Crossbows
  2159 | D:3      | Reached XP level 6. HP: 22/52 MP: 6/6
  2270 | D:4      | Reached skill level 9 in Crossbows
  2286 | D:4      | Reached XP level 7. HP: 22/58 MP: 7/7
  2397 | D:4      | Found a sacrificial altar of Ru.
  2412 | D:4      | Found a hide-covered altar of Uskayaw.
  2415 | D:4      | Found an ancient bone altar of Kikubaaqudgha.
  2422 | D:4      | Found an iron altar of Okawaru.
  2502 | D:4      | Found a blossoming altar of Fedhas.
  2678 | D:4      | Found Hikhomet's Armour Boutique.
  2819 | D:5      | Entered Level 5 of the Dungeon
  2867 | D:5      | Reached skill level 10 in Crossbows
  3002 | D:5      | Reached XP level 8. HP: 46/66 MP: 8/8
  3054 | D:5      | Reached skill level 5 in Axes
  3271 | D:5      | Noticed Menkaure
  3277 | D:5      | Killed Menkaure
  3409 | D:6      | Found a staircase to the Ecumenical Temple.
  3440 | Temple   | Entered the Ecumenical Temple
  3495 | Temple   | Became a worshipper of Trog the Wrathful
  3690 | D:6      | HP: 1/66 [centaur/arrow (8)]
  3691 | D:6      | Shot with an arrow by a centaur

Vault maps used:
D:1:      onia_arrival_larder, serial_park_tiny_pond
D:2:      grunt_gozag_statues, lemuel_doored_altar,
          chequers_ecumenical_altar_twisty, grunt_ministairs_13,
          minmay_lizard_pond
D:3:      uniq_crazy_yiuf_cottage, uniq_jessica, uniq_iyjb
D:4:      grunt_temple_overflow_cloverleaf, serial_shops, kennysheep_mini,
          fedhas_altar_3
D:5:      first_bread, uniq_menkaure
D:6:      minmay_temple_entry_purple_smoke
Temple:   cyrus_temple_forest

Skill      XL: |  1  2  3  4  5  6  7  8 |
---------------+-------------------------+-----
Crossbows      | 5 6 7 8 9 10 | 10.1
Axes           | 4 7 |  7.6
Fighting       | |  1.7
Dodging        | |  2.1
Stealth        | |  1.2

Action                   |  1- 3 |  4- 6 |  7- 9 || total
-------------------------+-------+-------+-------++-------
 Fire: Hand crossbow     |   108 |    97 |   127 ||   332
Invok: Burn Spellbooks   |       |       |     1 ||     1
  Use: Scroll            |     7 |     3 |     5 ||    15
       Potion            |       |     4 |     1 ||     5
  Eat: Chunk             |     1 |     3 |     4 ||     8
Armor: Leather armour    |    15 |    11 |       ||    26
       Chain mail        |       |       |    14 ||    14
Dodge: Dodged            |    24 |    25 |    19 ||    68
